 Dungeon Sprint DCSS version 0.31.0-32-g396128a36d (webtiles) character file.

Game seed: 3428554760226558976

1306 Heoruswealwe the Impaler (level 8, 0/83 HPs)
             Began as a Minotaur Fighter on Mar 13, 2024.
             Was an Initiate of Gozag.
             Slain by an unseen horror (2 damage)
             ... in the Dungeon (Sprint IX: "|||||||||||||||||||||||||||||").
             The game lasted 00:02:20 (200 turns).

Heoruswealwe the Impaler (Minotaur Fighter)          Turns: 200, Time: 00:02:20

Health: 0/83       AC: 21    Str: 22    XL:     8   Next: 32%
Magic:  7/7        EV: 10    Int:  5    God:    Gozag
Gold:   585        SH:  0    Dex: 11    Spells: 7/7 levels left

rFire   . . .        b - +2 halberd (protect)
rCold   . . .        (shield currently unavailable)
rNeg    . . .        c - +1 chain mail
rPois   .            (helmet restricted)
rElec   .            (no cloak)
rCorr   .            (no gloves)
SInv    .            e - +0 pair of boots
Will    .....        (no amulet) Stlth
                     k - +2 ring of evasion
HPRegen 0.33/turn    (no ring)
MPRegen 0.10/turn

%: no teleportation
@: gold aura, under a protective aura
A: horns 2, retaliatory headbutt
a: Renounce Religion, Potion Petition, Call Merchant, Bribe Branch


You were in the Dungeon.
You worshipped Gozag.
Gozag was pleased with you.
You visited 1 branch You collected 585 gold pieces.

Inventory:

Hand Weapons
 a - a +0 trident
 b - a +2 halberd of protection (weapon)
Armour
 c - a +1 chain mail (worn)
 d - a +0 buckler
 e - a +0 pair of boots (worn)
Jewellery
 k - a +2 ring of evasion (left hand)
Wands
 h - a wand of quicksilver (10)
Scrolls
 j - 2 scrolls of blinking
Potions
 f - a potion of heal wounds
 g - a potion of haste
 i - a potion of berserk rage
 l - 5 potions of curing
 m - a potion of might


   Skills:
 + Level 11.6 Fighting
 * Level 15.5 Polearms
 + Level 11.6 Armour
 - Level 3.6 Shields


You had 7 spell levels left.
You didn't know any spells.
Your spell library was empty.

Dungeon Overview and Level Annotations

Branches:
Dungeon (1/1)

Altars:
Cheibriados
Dithmenos
Elyvilon
Fedhas
Gozag
Hepliaklqana
Kikubaaqudgha
Makhleb
Nemelex Xobeh
Okawaru
Qazlal
Ru
Sif Muna
Trog
Uskayaw
Vehumet
Wu Jian
Xom
Yredelemnul
Zin
The Shining One
Jiyva
Lugonu


Innate Abilities, Weirdness & Mutations

You have a pair of horns on your head.
You reflexively headbutt those who attack you in melee.


Message History

You barely miss the centaur warrior.
The centaur warrior is severely wounded.
The centaur warrior hits you but does no damage.
The centaur warrior barely misses you.
You hit the centaur warrior.
The centaur warrior is severely wounded.
The centaur warrior hits you but does no damage.
The centaur warrior barely misses you.
The komodo dragon hisses menacingly.
You slash the centaur warrior!
The centaur warrior is almost dead.
The centaur warrior hits you!
* * * LOW HITPOINT WARNING * * *
The centaur warrior barely misses you.
The centaur warrior hits you but does no damage.
The centaur warrior kicks you.
* * * LOW HITPOINT WARNING * * *
You closely miss the centaur warrior.
The centaur warrior is almost dead.
The centaur warrior hits you but does no damage.
The centaur warrior barely misses you.
You puncture the centaur warrior!
You kill the centaur warrior!
The meliai is distracted by your dazzling golden aura.
Something hits you but does no damage.
Deactivating autopickup; reactivate with Ctrl-A.
Your Fighting skill increases to level 11!
Your Polearms skill gained 2 levels and is now at level 15!
Your Armour skill increases to level 11!
You have reached level 8!
You feel agile.
You closely miss something. Something hits you but does no damage.
The meliai buzzes angrily.
You impale something!!
The meliai is no longer distracted by gold.
Something hits you but does no damage. Something hits you.
* * * LOW HITPOINT WARNING * * *
You hit something. Something hits you.
You die...
Your body crumbles into a pile of gold.

▓+▓
▓.▓
▓l▓
▓O▓
▓c▓
▓y▓
▓{▓
▓@▓
▓.▓
▓.▓
▓)▓
▓)▓
▓.▓
▓.▓
▓'▓
▓.▓


You could see a centaur warrior, a two-headed ogre, a komodo dragon and a
meliai.

Vanquished Creatures
  A centaur warrior (D)
  A troll (D)
  2 yaks (D)
  A wraith (D)
  2 orc wizards (D)
  A gnoll (D)
  An adder (D)
  3 orcs (D)
  A ball python (D)
  A bat (D)
  A quokka (D)
  A frilled lizard (D)
  A kobold (D)
17 creatures vanquished.

Notes
Turn   | Place    | Note
-------+----------+-------------------------------------------
     0 | D        | Heoruswealwe the Minotaur Fighter began the quest for the
                  | Orb.
     0 | D        | Reached XP level 1. HP: 19/19 MP: 0/0
     5 | D        | Reached skill level 3 in Polearms
    24 | D        | Reached skill level 4 in Polearms
    29 | D        | Reached XP level 2. HP: 25/28 MP: 1/1
    32 | D        | Reached skill level 5 in Polearms
    35 | D        | Reached skill level 5 in Fighting
    35 | D        | Reached skill level 5 in Armour
    35 | D        | Reached XP level 3. HP: 28/36 MP: 2/2
    55 | D        | Found a snail-covered altar of Cheibriados.
    55 | D        | Found a shadowy altar of Dithmenos.
    55 | D        | Found a white marble altar of Elyvilon.
    55 | D        | Found a blossoming altar of Fedhas.
    55 | D        | Found an opulent altar of Gozag.
    56 | D        | Found a hazy altar of Hepliaklqana.
    57 | D        | Found a viscous altar of Jiyva.
    58 | D        | Found an ancient bone altar of Kikubaaqudgha.
    59 | D        | Found a corrupted altar of Lugonu.
    60 | D        | Found a burning altar of Makhleb.
    61 | D        | Found a sparkling altar of Nemelex Xobeh.
    62 | D        | Found an iron altar of Okawaru.
    63 | D        | Became a worshipper of Gozag Ym Sagoz the Greedy
    64 | D        | Found a stormy altar of Qazlal.
    65 | D        | Found a sacrificial altar of Ru.
    66 | D        | Found a shimmering blue altar of Sif Muna.
    67 | D        | Found a bloodstained altar of Trog.
    68 | D        | Found a hide-covered altar of Uskayaw.
    69 | D        | Found a radiant altar of Vehumet.
    70 | D        | Found an ornate altar of the Wu Jian Council.
    71 | D        | Found a shimmering altar of Xom.
    72 | D        | Found a basalt altar of Yredelemnul.
    73 | D        | Found a glowing silver altar of Zin.
    74 | D        | Found a glowing golden altar of the Shining One.
   129 | D        | Noticed a yak
   129 | D        | Noticed a wraith
   129 | D        | Noticed a yak
   129 | D        | Noticed a troll
   133 | D        | HP: 1/36 [troll (6)]
   137 | D        | Killed a troll
   138 | D        | Reached skill level 10 in Polearms
   138 | D        | Reached XP level 4. HP: 36/48 MP: 3/3
   138 | D        | Reached XP level 5. HP: 40/53 MP: 4/4
   140 | D        | Killed a yak
   141 | D        | Reached skill level 12 in Polearms
   141 | D        | Reached XP level 6. HP: 37/63 MP: 5/5
   145 | D        | Killed a wraith
   146 | D        | Reached XP level 7. HP: 44/71 MP: 6/6
   149 | D        | Killed a yak
   150 | D        | Reached skill level 10 in Fighting
   150 | D        | Reached skill level 13 in Polearms
   150 | D        | Reached skill level 10 in Armour
   186 | D        | Noticed a komodo dragon
   186 | D        | Noticed a two-headed ogre
   186 | D        | Noticed a centaur warrior
   186 | D        | Noticed a meliai
   186 | D        | Noticed a centaur warrior
   197 | D        | Killed a centaur warrior
   198 | D        | Reached skill level 15 in Polearms
   198 | D        | Reached XP level 8. HP: 5/83 MP: 7/7
   199 | D        | HP: 2/83 [something (3)]
   200 | D        | Slain by an unseen horror

Illustrated notes

Levels and vault maps discovered:
D:        linesprint [early_d, line_temple, items_1, d_10, items_2, lair_1,
          lair_end, items_3, orc_1, orc_end, items_4, d_15, swamp_1, shoals_1,
          snake_1, spider_1, d_20, vaults_1, items_5, swamp_end, shoals_end,
          snake_end, spider_end, vaults_end, d_27, items_6, zot_1, zot_end,
          crypt_end, forest_end, elf_end, slime_end, tomb_end, abyss_end,
          pan_hell_end]

Skill      XL: |  1  2  3  4  5  6  7 |
---------------+----------------------+-----
Polearms       | 4 5 10 12 15 | 15.5
Fighting       | 4 5 8 9 11 | 11.6
Armour         | 4 5 8 9 11 | 11.6
Shields        | |  3.6

Action                     |  1- 3 |  4- 6 |  7- 9 || total
---------------------------+-------+-------+-------++-------
  Melee: Trident           |    25 |       |       ||    25
         Headbutt          |     1 |       |     4 ||     5
         Halberd           |     6 |     7 |    30 ||    43
    Use: Potion            |     2 |       |       ||     2
 Armour: Scale mail        |    14 |       |       ||    14
         Chain mail        |    18 |     3 |    39 ||    60
  Dodge: Dodged            |    16 |     3 |     5 ||    24
  Block: Buckler           |     3 |       |       ||     3
